 Dungeon Crawl Stone Soup version 0.31-a0-325-g067879e3d3 (webtiles) character file.

Game seed: 8033265713132365078

1202 Newt the Carver (level 8, -3/64 HPs)
             Began as a Barachi Fighter on July 18, 2023.
             Was a Follower of Zin.
             Shot with an arrow by a centaur (6 damage)
             ... on level 6 of the Dungeon.
             The game lasted 00:07:53 (5259 turns).

Newt the Carver (Barachi Fighter)                   Turns: 5259, Time: 00:07:54

Health: -3/64      AC:  9    Str: 17 (19) XL:     8   Next: 44%
Magic:  8/8        EV: 10    Int:  5 (8)  God:    Zin [*.....]
Gold:   101        SH:  4    Dex: 11 (13) Spells: 7/7 levels left

rFire   + . .        a - +1 long sword
rCold   + . .        c - +0 buckler
rNeg    + . .        j - +2 troll leather armour
rPois   +            (no helmet)
rElec   +            p - +0 cloak
rCorr   +            (no gloves)
SInv    .            k - +0 pair of boots
Will    +....        (no amulet)
Stlth   ++           f - ring of positive energy
HPRegen 1.10/turn    n - ring of willpower
MPRegen 0.11/turn

%: no passive effects
@: resistant, unable to hop, invisible, slow
A: amphibious, slowness 1, strong legs 1, +LOS
a: Hop, Renounce Religion, Recite, Donate Gold


You were on level 6 of the Dungeon.
You worshipped Zin.
Zin was aware of your devotion.
You visited 2 branches of the dungeon, and saw 7 of its levels.

You collected 213 gold pieces.
You donated 112 gold pieces to Zin.

Inventory:

Hand Weapons
 a - a +1 long sword (weapon)
Missiles
 g - 5 boomerangs
Armour
 b - a +0 scale mail
 c - a +0 buckler (worn)
 j - a +2 troll leather armour (worn)
 k - a +0 pair of boots (worn)
 p - a +0 cloak (worn)
Jewellery
 f - a ring of positive energy (left hand)
 n - a ring of willpower (right hand)
 r - an amulet of reflection
Wands
 m - a wand of polymorph (5)
 u - a wand of flame (21)
 v - a wand of acid (6)
Scrolls
 w - a scroll of torment
 x - a scroll of teleportation
 y - a scroll of amnesia {unknown}
Potions
 d - a potion of might
 e - a potion of brilliance
 h - 2 potions of enlightenment
 o - a potion of magic {unknown}
 s - a potion of mutation {unknown}
 t - a potion of curing {unknown}


   Skills:
 - Level 6.0 Fighting
 - Level 9.0 Long Blades
 - Level 6.0 Armour
 - Level 2.0 Stealth
 - Level 3.2 Shields
 + Level 2.8 Evocations


You had 7 spell levels left.
You didn't know any spells.
Your spell library contained the following spells:

 Spells                   Type           Power      Damage    Failure   Level
 Sublimation of Blood     Necr           0%         N/A       77%         2
 Petrify                  Tmut/Erth      0%         N/A       100%        4
 Irradiate                Conj/Tmut      0%         3d11      100%        5


Dungeon Overview and Level Annotations

Branches:
Dungeon (6/15)             Temple (1/1) D:5

Altars:
Ashenzari
Cheibriados
Dithmenos
Elyvilon
Fedhas
Gozag
Hepliaklqana
Kikubaaqudgha
Makhleb
Nemelex Xobeh
Okawaru
Ru
Sif Muna
Vehumet
Xom
Yredelemnul
Zin

Shops:
D:3 (

Annotations:
D:4 Ijyb


Innate Abilities, Weirdness & Mutations

You are amphibious.
You cover ground slowly.
You can hop short distances.
You have an extended range of vision and can be seen from far away.


Message History

The arrow hits you.
The centaur shoots an arrow.
The arrow hits you but does no damage.
The centaur shoots an arrow.
The arrow hits you!
The centaur shoots an arrow.
The arrow hits you! Why would you want to do that?
Why would you want to do that?
The centaur shoots an arrow.
The arrow hits you.
The centaur shoots an arrow.
The arrow hits you!
The centaur shoots an arrow.
The arrow hits you.
The centaur shoots an arrow.
The arrow hits you.
The centaur shoots an arrow.
The arrow misses you.
The centaur shoots an arrow.
The arrow closely misses you.
The centaur shoots an arrow.
The arrow hits you.
The centaur shoots an arrow.
The arrow barely misses you.
The centaur shoots an arrow.
The arrow closely misses you.
The centaur shoots an arrow.
The arrow hits you.
The centaur shoots an arrow.
The arrow hits you.
The centaur shoots an arrow.
The arrow hits you.
The centaur shoots an arrow.
The arrow hits you!
* * * LOW HITPOINT WARNING * * *
The centaur shoots an arrow.
The arrow hits you but does no damage.
The centaur shoots an arrow.
The arrow hits you!
* * * LOW HITPOINT WARNING * * *
The centaur shoots an arrow.
The arrow completely misses you.
The centaur shoots an arrow.
The arrow hits you.
* * * LOW HITPOINT WARNING * * *
It was a potion of resistance.
You feel protected.
The centaur shoots an arrow.
The arrow hits you.
* * * LOW HITPOINT WARNING * * *
Unknown command.
It was a potion of invisibility.
You fade into invisibility!
The centaur shoots an arrow.
The arrow closely misses you.
The centaur shoots an arrow.
The arrow closely misses you.
It was a potion of degeneration.
There was something very wrong with that liquid.
You feel weakened.
You feel dopey.
You feel clumsy.
The centaur shoots an arrow.
The arrow hits you.
You die...

#...... .# #
#.....##.# .#
##......#.##.#
###.....oo§.§..#
#...≈§≈§§§≈§≈..###
#.#.≈.......§.....
##.#c≈)≈≈≈≈≈.§.....
#....≈.≈_..≈.§.# ..
#....≈.≈≈≈@§.≈.#
....#....≈.....≈...#
.........≈≈≈≈≈≈≈≈≈.#
#######....≈.....≈.#
#......≈.≈.§≈≈.≈.#
#.###..≈.§.._≈.≈...
#<...≈.§≈≈≈≈.≈...#
####.§.......≈...#
...≈§≈≈≈§§§≈§###


You could see a centaur (unable to see you) and 2 orcs.

Vanquished Creatures
  A water moccasin (D:4)
  An orc warrior (D:5)
  A black bear (D:5)
  2 ogres
  3 scorpions
  A jelly (D:5)
  2 hounds (D:4)
  2 orc priests
  A sleepcap (D:5)
  Jessica (D:3)
  Natasha (thrice) (D:2)
  3 iguanas
  An orc wizard (D:6)
  Terence (D:2)
  4 adders
  3 gnolls (D:4)
  2 worms (D:2)
  2 dart slugs
  14 orcs
  6 bats
  3 endoplasms
  3 giant cockroaches
  10 goblins
  12 hobgoblins
  4 jackals (D:1)
  2 kobolds
  5 quokkas (D:4)
  6 ball pythons
  A frilled lizard (D:1)
  3 rats (D:1)
103 creatures vanquished.

Vanquished Creatures (others)
  An orc wizard (D:5)
1 creature vanquished.

Grand Total: 104 creatures vanquished

Notes
Turn   | Place    | Note
-------+----------+-------------------------------------------
     0 | D:1      | Newt the Barachi Fighter began the quest for the Orb.
     0 | D:1      | Reached XP level 1. HP: 18/18 MP: 1/1
   278 | D:1      | Reached skill level 1 in Stealth
   278 | D:1      | Reached XP level 2. HP: 23/25 MP: 2/2
  1119 | D:2      | Reached XP level 3. HP: 11/30 MP: 3/3
  1362 | D:2      | Reached skill level 3 in Long Blades
  1389 | D:2      | Noticed Natasha
  1400 | D:2      | Killed Natasha
  1401 | D:2      | Reached skill level 4 in Long Blades
  1401 | D:2      | Reached XP level 4. HP: 24/37 MP: 4/4
  1696 | D:2      | Noticed Natasha
  1705 | D:2      | Killed Natasha
  1706 | D:2      | Reached skill level 5 in Long Blades
  1828 | D:2      | Noticed Natasha
  1845 | D:2      | Killed Natasha
  1846 | D:2      | Reached XP level 5. HP: 43/43 MP: 5/5
  1924 | D:2      | Noticed Terence
  1934 | D:2      | Killed Terence
  2143 | D:3      | Noticed Jessica
  2149 | D:3      | Killed Jessica
  2150 | D:3      | Reached skill level 5 in Fighting
  2199 | D:3      | Found a sparkling altar of Nemelex Xobeh.
  2253 | D:3      | Found a sacrificial altar of Ru.
  2280 | D:3      | Found Jeecicheu's Antique Weapon Shop.
  2557 | D:3      | Found a faded altar of an unknown god.
  2634 | D:3      | Found a radiant altar of Vehumet.
  2898 | D:4      | Reached XP level 6. HP: 51/52 MP: 6/6
  3147 | D:4      | Reached skill level 5 in Armour
  3322 | D:4      | Noticed Ijyb
  3347 | D:5      | Entered Level 5 of the Dungeon
  3411 | D:5      | Reached XP level 7. HP: 31/58 MP: 7/7
  3560 | D:5      | Found a shimmering altar of Xom.
  3587 | D:5      | Reached skill level 6 in Long Blades
  4013 | D:4      | Reached skill level 7 in Long Blades
  4548 | D:5      | Reached skill level 8 in Long Blades
  4548 | D:5      | Reached XP level 8. HP: 13/64 MP: 8/8
  4901 | D:5      | Reached skill level 9 in Long Blades
  4938 | D:5      | Reached skill level 1 in Evocations
  4980 | D:5      | Found a staircase to the Ecumenical Temple.
  5043 | D:5      | Noticed a yak
  5122 | Temple   | Entered the Ecumenical Temple
  5131 | Temple   | Became a worshipper of Zin the Law-Giver
  5131 | Temple   | Reached * piety under Zin
  5212 | D:5      | Donated 91 gold pieces to Zin
  5220 | D:6      | Found a blossoming altar of Fedhas.
  5220 | D:6      | Found a burning altar of Makhleb.
  5257 | D:6      | HP: 1/64 [centaur/arrow (5)]
  5259 | D:6      | Shot with an arrow by a centaur

Illustrated notes

Levels and vault maps discovered:
D:1:      dpeg_arrival_signposts, layout_basic
D:2:      layout_basic, ebering_dispersal_statue_hall, uniq_terence,
          uniq_natasha
D:3:      layout_basic, lemuel_tele_altar, nemelex_diamond_rough_becter,
          nicolae_ru_sacrificial_ziggurat, serial_shops, shop,
          nicolae_ecumenical_lake_church, uniq_jessica
D:4:      layout_loops_corners, uniq_ijyb
D:5:      layout_rooms, xom_teletrap_fun, temple_doors_e, lightli_corner_chamber
D:6:      layout_basic, nicolae_tso_besieged_by_evil,
          mainiacjoe_overflow_catwalk_spiral
Temple:   hellmonk_temple_of_storms

Skill      XL: |  1  2  3  4  5  6  7  8 |
---------------+-------------------------+-----
Fighting       | 4 6 |  6.0
Stealth        | 1 2 |  2.0
Long Blades    | 4 5 8 9 |  9.0
Armour         | 6 |  6.0
Evocations     | 2 |  2.8
Shields        | |  3.2

Action                     |  1- 3 |  4- 6 |  7- 9 || total
---------------------------+-------+-------+-------++-------
  Melee: Long sword        |    88 |   188 |   160 ||   436
  Throw: Boomerang         |       |       |     1 ||     1
 Invoke: Donate Gold       |       |       |     1 ||     1
Ability: Hop               |     1 |     3 |     1 ||     5
  Evoke: Wand              |       |       |     1 ||     1
    Use: Scroll            |       |     6 |     4 ||    10
         Potion            |       |       |     3 ||     3
   Stab: Sleeping          |       |     2 |     1 ||     3
 Armour: Scale mail        |    26 |       |       ||    26
         Troll leather arm |     8 |    69 |    59 ||   136
         Skin              |       |    12 |       ||    12
  Dodge: Dodged            |    56 |    89 |    91 ||   236
  Block: Buckler           |    20 |    43 |    23 ||    86

Table legend: (Time is in decaauts)
 A = Elapsed time spent in this place.
 B = Non-inter-level travel time spent in this place.
 C = Inter-level travel time spent in this place.
 D = Time resting spent in this place.
 E = Time spent auto-exploring this place.
 F = Levels seen in this place.
 G = Mean time per level.
                   A        B        C        D        E       F      G
               +--------+--------+--------+--------+--------+-----+--------+
         Total |   5998 |   5721 |    277 |   1185 |   3500 |   7 |  856.9 |
       Dungeon |   5976 |   5719 |    257 |   1185 |   3500 |   6 |  996.0 |
        Temple |     21 |      1 |     20 |      0 |      0 |   1 |   21.0 |
               +--------+--------+--------+--------+--------+-----+--------+

Top non-repeatable levels by time:
     D:5: 1330 daAuts
     D:1: 1286 daAuts
     D:4: 1274 daAuts
     D:2: 1074 daAuts
     D:3: 965 daAuts
     D:6: 45 daAuts
  Temple: 21 daAuts
